 Dungeon Crawl Stone Soup version 0.25-a0-1130-g3926558f3a (webtiles) character file.

Game seed: 3910570121634032990, levelgen mode: deterministic

136 Lanoc the Grasshopper (level 5, -6/43 HPs)
             Began as a Gnoll Warper on May 18, 2020.
             Was a Follower of Qazlal.
             Killed from afar by Blork the orc (12 damage)
             ... with a puff of flame
             ... on level 4 of the Dungeon on May 19, 2020.
             The game lasted 00:06:01 (3148 turns).

Lanoc the Grasshopper (Gnoll Warper)                Turns: 3148, Time: 00:06:02

Health: -6/43      AC:  3    Str: 15    XL:     5   Next: 19%
Magic:  12/12      EV: 10    Int: 15    God:    Qazlal [*.....]
Gold:   199        SH:  1    Dex: 14    Spells: 12/14 levels left

rFire    . . .     SeeInvis .   a - +0 spear
rCold    . . .     Gourm    .   (no shield)
rNeg     . . .     Faith    .   b - +0 leather armour
rPois    .         Spirit   .   h - +0 hat
rElec    .         Reflect  .   (no cloak)
rCorr    +         Harm     .   (no gloves)
MR       .....                  (no boots)
Stlth    ++........             (no amulet)
HPRegen  0.14/turn              n - ring of resist corrosion
MPRegen  0.13/turn              t - -4 ring of evasion

@: no status effects
A: distributed training, fangs 1, strong nose
a: Renounce Religion


You were on level 4 of the Dungeon.
You worshipped Qazlal.
Qazlal was aware of your devotion.
You were not hungry.

You visited 1 branch of the dungeon, and saw 4 of its levels.

You collected 199 gold pieces.

Inventory:

Hand Weapons
 a - a +0 spear (weapon)
Missiles
 e - 2 boomerangs of dispersal (quivered)
 o - 8 atropa-tipped darts
 s - 10 bolts
Armour
 b - a +0 leather armour (worn)
 h - a +0 hat (worn)
Jewellery
 n - a ring of resist corrosion (left hand)
 t - a -4 ring of evasion (right hand)
Scrolls
 c - a scroll of identify
 d - a scroll of blinking
 i - a scroll of enchant weapon {unknown}
 j - 3 scrolls of teleportation {unknown}
 m - a scroll of remove curse
Potions
 g - a potion of curing {unknown}
 k - 2 potions of might {unknown}
 l - a potion of mutation {unknown}
 p - 2 potions of lignification {unknown}
 q - a potion of flight
Comestibles
 f - 3 rations
 r - a chunk of flesh


   Skills:
 + Level 4.7 Fighting
 + Level 1.3 Short Blades
 + Level 1.3 Long Blades
 + Level 1.3 Axes
 + Level 1.3 Maces & Flails
 + Level 4.7 Polearms
 + Level 1.3 Staves
 + Level 1.3 Slings
 + Level 1.3 Bows
 + Level 1.3 Crossbows
 + Level 2.9 Throwing
 + Level 2.9 Armour
 + Level 4.7 Dodging
 + Level 1.3 Stealth
 + Level 1.3 Shields
 + Level 1.3 Unarmed Combat
 + Level 5.1 Spellcasting
 + Level 1.1 Conjurations
 + Level 1.1 Hexes
 + Level 1.1 Charms
 + Level 1.1 Summonings
 + Level 1.1 Necromancy
 + Level 5.5 Translocations
 + Level 1.1 Transmutations
 + Level 1.1 Fire Magic
 + Level 1.1 Ice Magic
 + Level 1.1 Air Magic
 + Level 1.1 Earth Magic
 + Level 1.1 Poison Magic
 + Level 1.5 Invocations
 + Level 1.3 Evocations


You had 12 spell levels left.
You knew the following spells:

 Your Spells              Type           Power        Failure   Level  Hunger
a - Blink                 Tloc           N/A          3%          2    ##.....

Your spell library contained the following spells:

 Spells                   Type           Power        Failure   Level  Hunger
 Gell's Gravitas          Tloc           ###.......   6%          3    ###....
 Lesser Beckoning         Tloc           ###.......   6%          3    ###....
 Teleport Other           Tloc           ###.....     6%          3    ###....
 Shroud of Golubria       Chrm/Tloc      ##....       8%          2    ##.....
 Passage of Golubria      Tloc           N/A          21%         4    ####...


Dungeon Overview and Level Annotations

Branches:
Dungeon (4/15)
 Temple: D:4-7

Altars:
Makhleb
Qazlal
Wu Jian

Annotations:
D:4 Blork the orc


Innate Abilities, Weirdness & Mutations

Your experience applies equally to all skills.
You have very sharp teeth.
Your uncanny sense of smell can sniff out nearby items.


Message History

You are too injured to fight recklessly!
Throwing (i - inventory. (/) - cycle)
e - 3 boomerangs of dispersal (quivered)
Press: ? - help, Shift-Dir - straight line, f/p - Blork the orc
Aim: Blork the orc, wielding a +0 halberd and wearing a +0 robe (lightly wounded)
You throw a boomerang of dispersal.
The boomerang of dispersal hits Blork the orc!
Blork the orc blinks!
As you read the scroll labeled NOEHEM UDOI, it crumbles to dust.
It is a scroll of identify.
q - a potion of flight
As you read the scroll labeled XUKKEV REJYB, it crumbles to dust.
You feel as if something is helping you.
It was a scroll of remove curse.
Blork the orc gestures at you while chanting.
The puff of frost hits you!
* * * LOW HITPOINT WARNING * * *
There is a stone staircase leading up here.
Blork the orc points at you and mumbles some strange words.
The puff of flame hits you!
You die...

#.#.......#.###'##
#.##.....##.#..<.#
#.####.####......#
#................#
#.#..............#
#................#
##..............[#
#........○......###
#........@........#
##...##......####.##
#...##......# #..#
#...#.....#######.#
#...#....##2#_....#
#...#.(..##########
#...#...o# ∆#
#...#....'
#...##...##


You could see Blork the orc.

Vanquished Creatures
  A centaur skeleton (D:4)
  3 adders
  An ooze (D:3)
  A worm (D:2)
  2 dart slugs
  2 leopard geckos
  2 orcs
  5 giant cockroaches
  5 goblins
  9 hobgoblins
  9 kobolds
  3 quokkas
  4 bats
  6 frilled lizards
  12 rats
65 creatures vanquished.

Notes
Turn   | Place    | Note
-------+----------+-------------------------------------------
     0 | D:1      | Lanoc the Gnoll Warper began the quest for the Orb.
     0 | D:1      | Reached XP level 1. HP: 20/20 MP: 6/6
    71 | D:1      | Reached XP level 2. HP: 26/26 MP: 7/7
   396 | D:2      | Reached XP level 3. HP: 4/31 MP: 9/9
   566 | D:2      | Reached skill level 5 in Spellcasting
   570 | D:2      | Learned a level 2 spell: Blink
   851 | D:2      | Reached skill level 1 in Invocations
   900 | D:3      | Found a stormy altar of Qazlal.
   971 | D:3      | Noticed Sigmund
   984 | D:3      | Became a worshipper of Qazlal Stormbringer
  1302 | D:3      | Reached skill level 1 in Short Blades
  1302 | D:3      | Reached skill level 1 in Long Blades
  1302 | D:3      | Reached skill level 1 in Axes
  1302 | D:3      | Reached skill level 1 in Maces & Flails
  1302 | D:3      | Reached skill level 1 in Staves
  1302 | D:3      | Reached skill level 1 in Slings
  1302 | D:3      | Reached skill level 1 in Bows
  1302 | D:3      | Reached skill level 1 in Crossbows
  1302 | D:3      | Reached skill level 1 in Stealth
  1302 | D:3      | Reached skill level 1 in Shields
  1302 | D:3      | Reached skill level 1 in Unarmed Combat
  1302 | D:3      | Reached skill level 1 in Evocations
  1311 | D:3      | Reached XP level 4. HP: 31/38 MP: 11/11
  1460 | D:3      | Upgraded the game from 0.25-a0-1119-g28b6fd0c3b to
                  | 0.25-a0-1130-g3926558f3a
  1619 | D:4      | Noticed Blork the orc
  2523 | D:3      | Reached skill level 1 in Conjurations
  2523 | D:3      | Reached skill level 1 in Hexes
  2523 | D:3      | Reached skill level 1 in Charms
  2523 | D:3      | Reached skill level 1 in Summonings
  2523 | D:3      | Reached skill level 1 in Necromancy
  2523 | D:3      | Reached skill level 1 in Transmutations
  2523 | D:3      | Reached skill level 1 in Fire Magic
  2523 | D:3      | Reached skill level 1 in Ice Magic
  2523 | D:3      | Reached skill level 1 in Air Magic
  2523 | D:3      | Reached skill level 1 in Earth Magic
  2523 | D:3      | Reached skill level 1 in Poison Magic
  2828 | D:4      | Found a burning altar of Makhleb.
  2828 | D:4      | Noticed a green death
  2859 | D:4      | Found an ornate altar of the Wu Jian Council.
  2885 | D:4      | Reached XP level 5. HP: 30/43 MP: 12/12
  2987 | D:4      | Reached * piety under Qazlal
  3148 | D:4      | Killed from afar by Blork the orc

Illustrated notes

Levels and vault maps discovered:
D:1:      dpeg_arrival_prison, layout_basic
D:2:      layout_basic
D:3:      minmay_evil_eye, layout_basic, grunt_qazlal_sundering,
          minmay_misc_feat_square, uniq_sigmund
D:4:      layout_gridville, makhleb_altar_promises_db, old_standard_altar,
          first_ration, nicolae_underground_beach, uniq_blork_the_orc

Skill      XL: |  1  2  3  4 |
---------------+-------------+-----
Spellcasting   | 5 |  5.1
Invocations    | 1 |  1.5
Short Blades   | 1 |  1.3
Long Blades    | 1 |  1.3
Axes           | 1 |  1.3
Maces & Flails | 1 |  1.3
Staves         | 1 |  1.3
Slings         | 1 |  1.3
Bows           | 1 |  1.3
Crossbows      | 1 |  1.3
Stealth        | 1 |  1.3
Shields        | 1 |  1.3
Unarmed Combat | 1 |  1.3
Evocations     | 1 |  1.3
Conjurations   | 1 |  1.1
Hexes          | 1 |  1.1
Charms         | 1 |  1.1
Summonings     | 1 |  1.1
Necromancy     | 1 |  1.1
Transmutations | 1 |  1.1
Fire Magic     | 1 |  1.1
Ice Magic      | 1 |  1.1
Air Magic      | 1 |  1.1
Earth Magic    | 1 |  1.1
Poison Magic   | 1 |  1.1
Fighting       | |  4.7
Polearms       | |  4.7
Throwing       | |  2.9
Armour         | |  2.9
Dodging        | |  4.7
Translocations | |  5.5

Action                   |  1- 3 |  4- 6 || total
-------------------------+-------+-------++-------
Melee: Spear             |   168 |   117 ||   285
       Bite              |    16 |    12 ||    28
Throw: Boomerang         |       |     3 ||     3
  Use: Potion            |     1 |     1 ||     2
       Scroll            |       |     2 ||     2
 Stab: Sleeping          |     2 |     1 ||     3
  Eat: Chunk             |     1 |     6 ||     7
Armor: Leather armour    |    24 |    17 ||    41
Dodge: Dodged            |    92 |    46 ||   138

Table legend:
 A = Non-vault XP
 B = Vault XP
 C = Vault XP percentage of total XP
 D = Non-vault monster count
 E = Vault monster count
 F = Vault count percentage of total count
                 A         B        C        D         E       F
            +---------+---------+-------+---------+---------+-------
      Total |     181 |      14 |   7.2 |      56 |       9 |  13.8
            +---------+---------+-------+---------+---------+-------
        D:1 |      13 |       7 |  35.0 |       9 |       5 |  35.7
        D:2 |      62 |       0 |   0.0 |      20 |       0 |   0.0
        D:3 |      50 |       7 |  12.3 |      19 |       4 |  17.4
        D:4 |      56 |       0 |   0.0 |       8 |       0 |   0.0
            +---------+---------+-------+---------+---------+-------
